AoeStats
← ccereal

Arena

509593340Analyzed
3v3 RM · 5d ago on Sep 27, 2026· 22m 44s· 6 players
Game mode
Random Map
Map size
Normal (6 player)
Population
200
Speed
Normal
Resources
Standard
Victory
Conquest
Starting age
Dark Age
Ending age
Imperial Age
RankedLock teamsTeams togetherTeam positionsShared explorationLock speedFull tech treeHidden civsTurbo modeCheats
Victory
Defeat
🇫🇷 Vikings · France
1578
+11
🇫🇷 Britons · France
1569
+11
🇩🇪 Gurjaras · Germany
1538
+12
🇩🇰 Franks · Denmark
1484
-12
🇦🇹 Wu · Austria
1470
-13
🇺🇸 Danes · United States
1406
-9
ccereal
8:13 Feudal Age
8:40 Loom
8:53 Double-Bit Axe
14:39 Fletching
19:08 Castle Age
17:41 Padded Archer Armor
19:14 Crossbowman
19:57 Bodkin Arrow
21:35 Wheelbarrow
21:44 Horse Collar
Frorok
10:31 Feudal Age
14:59 Castle Age
12:47 Double-Bit Axe
13:17 Horse Collar
16:26 Bow Saw
17:48 Loom
21:57 Ballistics
p0n0n0
9:07 Feudal Age
9:38 Loom
12:54 Castle Age
12:19 Double-Bit Axe
21:05 Wheelbarrow
ntjc.dk
9:32 Feudal Age
14:09 Castle Age
12:17 Double-Bit Axe
15:11 Bow Saw
16:47 Scale Barding Armor
16:52 Forging
DeadlyEfficiency
10:12 Feudal Age
14:28 Castle Age
12:52 Double-Bit Axe
13:33 Loom
14:53 Fletching
16:55 Town Watch
19:58 Bodkin Arrow
Hold_Fast
10:27 Feudal Age
11:11 Double-Bit Axe
14:01 Castle Age
12:02 Loom
14:10 Horse Collar
23:29 Wheelbarrow
Connection lost

Rejoining the realm…

Still unreachable

The connection could not be restored.

Session expired

The server has moved on; the page needs a fresh start.